 Dungeon Crawl Stone Soup version 0.29.0-4-gdea44cf6ec (webtiles) character file.

Game seed: 2548761570407621449

119331 qw the Severer (level 16, -5/106 HPs)
             Began as a Tengu Warper on Aug 28, 2022.
             Was an Elder of Okawaru.
             Slain by a skeletal warrior
             ... wielding a +0 short sword
             ... summoned by an orange crystal statue
              (9 damage)
             ... on level 15 of the Dungeon.
             The game lasted 00:03:23 (22924 turns).

qw the Severer (Tengu Warper)                      Turns: 22924, Time: 00:03:23

Health: -5/106     AC: 32    Str: 24    XL:     16   Next: 79%
Magic:  2/24       EV: 15    Int: -20 (17)God:    Okawaru [****..]
Gold:   1422       SH:  0    Dex: 17    Spells: 19/19 levels left

rFire   . . .      SeeInvis .   a - +7 war axe of Income {flame, rN+ Int+2 Dex+3}
rCold   . . .      Faith    .   m - +7 tower shield of Jidug {Str+4 Int+2}
rNeg    + . .      Spirit   .   o - +4 plate armour
rPois   .          Reflect  +   (helmet restricted)
rElec   +          Harm     .   h - +2 cloak
rCorr   .          Rampage  .   v - +2 pair of gloves of Entitlement {Will+ Stlth+}
Will    ++...                   (boots unavailable)
Stlth   ..........              u - amulet of reflection
HPRegen 0.27/turn               x - +4 ring of protection
MPRegen 0.19/turn               t - +4 ring of slaying {mikee}

@: confused, heroic, flying quickly and evasively, slowed, lost intelligence,
unable to read, very slow
A: beak, talons 3, nimble flight, passive freeze, robust 1, electricity
resistance, MP-powered wands
a: Renounce Religion, Heroism, Finesse


You were on level 15 of the Dungeon.
You worshipped Okawaru.
Okawaru was greatly pleased with you.
You visited 3 branches of the dungeon, and saw 21 of its levels.

You collected 1917 gold pieces.
You spent 495 gold pieces at shops.


Innate Abilities, Weirdness & Mutations

You have a beak for a mouth.
You have claws for feet.
Your magical nature lets you fly swiftly and evasively.
A frigid envelope surrounds you and freezes all who hurt you.
You are robust. (+10% HP)
You are resistant to electric shocks. (rElec)
You expend magic power (3 MP) to strengthen your wands.


   Skills:
 - Level 10.0(15.0) Fighting
 - Level 16.0(21.0) Axes
 - Level 6.0(11.0) Throwing
 - Level 10.1(15.1) Armour
 + Level 8.2(13.2) Dodging
 - Level 15.2(20.2) Shields
 - Level 2.0 Spellcasting
 - Level 2.4 Translocations
 - Level 10.0 Invocations


You had 19 spell levels left.
You didn't know any spells.
Your spell library contained the following spells:

 Spells                   Type           Power      Damage    Failure   Level
 Blink                    Tloc           0%         N/A       99%         2
 Gell's Gravitas          Tloc           0%         N/A       100%        3
 Lesser Beckoning         Tloc           0%         N/A       100%        3
 Teleport Other           Tloc           0%         N/A       100%        3
 Manifold Assault         Tloc           0%         N/A       100%        5

Inventory:

Hand Weapons
 a - the +7 war axe of Income (weapon) {flame, rN+ Int+2 Dex+3}
   (You found it on level 6 of the Dungeon)

   It burns those it strikes, dealing additional fire damage.
   Big, fiery blades are also staple armaments of hydra-hunters.
   Int:       It affects your intelligence (+2).
   Dex:       It affects your dexterity (+3).
   rN:        It protects you from negative energy.
Missiles
 c - 3 boomerangs
 g - 3 silver boomerangs
 r - 3 javelins (quivered)
Armour
 h - a +2 cloak (worn)
 m - the +7 tower shield of Jidug (worn) {Str+4 Int+2}
   (Okawaru gifted it to you on level 1 of the Lair of Beasts)

   Str:       It affects your strength (+4).
   Int:       It affects your intelligence (+2).
 o - a +4 plate armour (worn)
 v - the +2 pair of gloves of Entitlement (worn) {Will+ Stlth+}
   (Okawaru gifted it to you on level 11 of the Dungeon)

   Will:      It increases your willpower.
   Stlth:     It makes you more stealthy.
Jewellery
 n - a ring of protection from fire
 t - a +4 ring of slaying (right hand) {mikee}
 u - an amulet of reflection (around neck)
 x - a +4 ring of protection (left hand)
Scrolls
 d - 11 scrolls of teleportation
 e - 7 scrolls of identify
 q - 3 scrolls of enchant weapon
Potions
 f - 5 potions of might
 i - 2 potions of haste
 k - 7 potions of mutation
 p - 2 potions of resistance
 s - 4 potions of magic

Dungeon Overview and Level Annotations

Branches:
Dungeon (15/15) Temple (1/1) D:4 Lair (5/5) D:11 Swamp (0/4) Lair:3 Snake (0/4) Lair:2 Slime (0/5) Lair:5 Orc (0/2) D:12 Vaults (0/5) D:12 D:13 Depths (0/4) D:15

Altars:
Ashenzari
Cheibriados
Dithmenos
Elyvilon
Fedhas
Gozag
Hepliaklqana
Kikubaaqudgha
Makhleb
Nemelex Xobeh
Okawaru
Qazlal
Ru
Sif Muna
Trog
Uskayaw
Vehumet
Wu Jian
Xom
Yredelemnul
Zin
The Shining One
Jiyva

Shops:
D:3 !   D:8 *   D:10 =   D:12 (

Annotations:
D:9 6 transporters
D:13 2 runed translucent doors


Message History

The skeletal warrior closely misses you.
The skeletal warrior attacks as you move away!
The skeletal warrior hits you with a +0 short sword.
The skeletal warrior completely resists.
The skeletal warrior completely misses you.
The skeletal warrior misses you.
The skeletal warrior hits you with a +0 battleaxe.
The skeletal warrior resists.
The skeletal warrior is very cold.
The skeletal warrior is heavily damaged.
You slash the skeletal warrior! You burn the skeletal warrior.
Your kick misses the skeletal warrior. Your peck misses the skeletal warrior.
The skeletal warrior is severely damaged.
You hit the skeletal warrior. You burn the skeletal warrior.
You barely miss the skeletal warrior.
The skeletal warrior hits you with a +0 flail.
The skeletal warrior completely resists.
The skeletal warrior hits you but does no damage.
The skeletal warrior resists.
The skeletal warrior is very cold.
The skeletal warrior is severely damaged.
The skeletal warrior closely misses you.
The skeletal warrior attacks as you move away!
The skeletal warrior hits you with a +0 flail!
The skeletal warrior resists.
The skeletal warrior is very cold.
The skeletal warrior is severely damaged.
The skeletal warrior hits you but does no damage.
The skeletal warrior resists.
The skeletal warrior is very cold.
The skeletal warrior is severely damaged.
The skeletal warrior hits you but does no damage.
The skeletal warrior resists.
The skeletal warrior is very cold.
The skeletal warrior is heavily damaged.
The orange crystal statue glitters.
You're too confused to move!
The skeletal warrior hits you with a +0 battleaxe.
The skeletal warrior resists.
The skeletal warrior is very cold.
The skeletal warrior is almost destroyed.
The skeletal warrior hits you but does no damage.
The skeletal warrior resists.
The skeletal warrior is very cold.
The skeletal warrior is severely damaged.
The skeletal warrior hits you with a +0 short sword!
You die...

##################
#...........<....#777P7P~
####.............~~~7~~~~~~~
...............77~~7~~~~~~~~
...........z..777~P~~P~~~~~~
..........z@..P7~P~~~~~~~~~~
..........z..~~~~~~~~~~~~~~~
###........~7~~7~~~~~~~~~~~
. ##.[[l.#.~7~~~~P~P~~~~~~~
..##..###).#7~~~~P~P~~~~~~~~
.....}#8#)...~77P~~~~~~~~~~~
..##..###()..#77P~P~~P~~~~~~
. ##H.)[[##.#.~~~~P7P~7~~P~
.####.......#.~77~~~~~~~~~~


You could see an orange crystal statue, 3 skeletal warriors, a manticore
(summoned) and a basilisk (summoned).

Vanquished Creatures
  Rupert (D:12)
  A sphinx (D:12)
  Kirke (D:14)
  Azrael (D:12)
  Snorg (D:14)
  Josephine (D:15)
  An ettin (D:12)
  A great orb of eyes (D:13)
  An ice dragon (D:12)
  Erolcha (D:9)
  3 boulder beetles
  13 hydras
  Harold (D:9)
  A merfolk avatar (Lair:5)
  3 death yaks (Lair:5)
  Erica (D:8)
  5 centaur warriors
  5 two-headed ogres
  Urug (D:12)
  7 skeletal warriors
  Lodul (D:14)
  A spark wasp zombie (D:15)
  Pikel (D:6)
  A necromancer (D:15)
  2 deep elf pyromancers
  A phantasmal warrior (D:15)
  A harpy (Lair:5)
  An ugly thing (D:12)
  3 cyclopes
  A manticore (D:14)
  2 oklob plants (Lair:1)
  13 elephants
  A frost giant skeleton (D:15)
  Joseph (D:8)
  4 black mambas
  2 torpor snails
  9 cane toads
  A gargoyle (D:12)
  4 rime drakes
  A cane toad (shapeshifter) (D:15)
  3 kobold demonologists (D:13)
  3 unseen horrors
  A freezing wraith (D:12)
  14 komodo dragons
  A yaktaur (D:12)
  3 trolls
  5 polar bears
  2 tyrant leeches (Lair:3)
  A troll (shapeshifter) (D:13)
  14 blink frogs
  Prince Ribbit (D:5)
  3 snapping turtles (Lair:5)
  A slime creature (D:12)
  2 dream sheep (Lair:5)
  Sigmund (D:5)
  A jumping spider (shapeshifter) (D:13)
  A shadow (D:10)
  8 wraiths
  A water elemental (D:15)
  6 wyverns
  50 yaks
  Grum (D:8)
  A fire elemental (D:12)
  16 humans (D:12)
  3 steam dragons
  3 hogs (D:14)
  6 vampire mosquitoes
  5 basilisks
  Menkaure (D:7)
  A swamp worm (Lair:3)
  A glowing shapeshifter zombie (D:15)
  Edmund (D:5)
  3 hell hounds (D:12)
  2 acid dragons
  3 nagas (Lair:2)
  20 water moccasins
  4 orc warriors
  2 sky beasts
  7 ogres
  A boggart (D:12)
  39 wolves
  2 centaurs
  3 black bears
  2 lemures (D:6)
  3 kobold brigands
  8 bullfrogs
  4 scorpions
  4 wights (D:10)
  9 howler monkeys
  2 electric eels (D:9)
  A gnoll bouda (D:5)
  2 hounds
  11 iguanas
  3 orc priests
  Terence (D:3)
  10 orc wizards
  7 adders
  12 gnolls
  A shadow imp (D:7)
  A white imp (D:5)
  3 ufetubi
  2 worms
  3 dart slugs
  26 orcs
  9 bats
  12 endoplasms
  4 giant cockroaches
  9 goblins
  6 hobgoblins
  2 jackals (D:2)
  5 quokkas
  7 ball pythons
  3 frilled lizards
  24 kobolds
  12 rats
556 creatures vanquished.

Vanquished Creatures (others)
  A kobold brigand (D:11)
  65 fungi
  125 plants
  4 withered plants (D:15)
195 creatures vanquished.

Grand Total: 751 creatures vanquished

Notes
Turn   | Place    | Note
-------+----------+-------------------------------------------
     0 | D:1      | qw the Tengu Warper began the quest for the Orb.
     0 | D:1      | Reached XP level 1. HP: 12/12 MP: 4/4
     0 | D:1      | 0 ||| qw: Version: 0.1-a-89-g26bdef1
     0 | D:1      | 0 ||| qw: Game counter: 2906
     0 | D:1      | 0 ||| qw: Always use a shield: true
     0 | D:1      | 0 ||| qw: God list: Okawaru
     0 | D:1      | 0 ||| qw: Allow faded altars: false
     0 | D:1      | 0 ||| qw: Do Orc after D:15 true
     0 | D:1      | 0 ||| qw: Do second Lair branch before Depths: true
     0 | D:1      | 0 ||| qw: Lair rune preference: random
     0 | D:1      | 0 ||| qw: Plans: Normal
     0 | D:1      | 0 ||| PLANNING D:1-11
   171 | D:1      | Reached XP level 2. HP: 17/17 MP: 6/6
   174 | D:1      | Reached skill level 3 in Axes
   519 | D:1      | Found a faded altar of an unknown god.
   853 | D:1      | 853 ||| SWAPPING to +1 hand axe of pain.
   854 | D:1      | 854 ||| DROPPING +0 hand axe.
   865 | D:1      | 865 ||| Stepping ~*~*~tactically~*~*~ (stealth).
   867 | D:1      | 867 ||| Stepping ~*~*~tactically~*~*~ (stealth).
   999 | D:1      | Reached skill level 4 in Axes
   999 | D:1      | Reached XP level 3. HP: 18/21 MP: 7/7
  1043 | D:1      | 1043 ||| UPGRADING to +0 ring mail.
  1053 | D:1      | 1053 ||| DROPPING +0 leather armour.
  1054 | D:1      | 1054 ||| UPGRADING to +2 cloak.
  1059 | D:1      | 1059 ||| UPGRADING to ring of resist corrosion.
  1060 | D:1      | 1060 ||| UPGRADING to +6 ring of strength.
  1061 | D:1      | 1061 ||| READING scroll labelled OTRUJOO BAET.
  1062 | D:1      | 1062 ||| READING 2 scrolls labelled TIOWIA GOBEVI.
  1063 | D:1      | 1063 ||| READING scroll labelled SOVIMNEUFE.
  1067 | D:1      | 1067 ||| READING scroll labelled BAKKUM ORUKE.
  1068 | D:1      | 1068 ||| DROPPING scroll of blinking.
  1126 | D:2      | 1126 ||| Stepping ~*~*~tactically~*~*~ (stealth).
  1212 | D:2      | 1212 ||| FLEEEEING.
  1213 | D:2      | 1213 ||| FLEEEEING.
  1546 | D:2      | 1546 ||| Stepping ~*~*~tactically~*~*~ (stealth).
  1548 | D:2      | Reached XP level 4. HP: 26/26 MP: 8/8
  1555 | D:2      | 1555 ||| DROPPING +0 club.
  1570 | D:2      | Reached skill level 5 in Axes
  1835 | D:2      | 1835 ||| Stepping ~*~*~tactically~*~*~ (stealth).
  2091 | D:2      | 2091 ||| Stepping ~*~*~tactically~*~*~ (hiding).
  2093 | D:2      | 2093 ||| Stepping ~*~*~tactically~*~*~ (hiding).
  2262 | D:2      | 2262 ||| Stepping ~*~*~tactically~*~*~ (stealth).
  2264 | D:2      | Gained mutation: Your magical nature lets you fly swiftly
                  | and evasively. [Tengu growth]
  2264 | D:2      | Reached XP level 5. HP: 30/30 MP: 9/9
  2447 | D:2      | 2447 ||| READING scroll labelled TIQUR QIXTIAMOYT.
  2448 | D:2      | 2448 ||| DRINKING 3 metallic green potions.
  2448 | D:2      | Gained mutation: You expend magic power (3 MP) to
                  | strengthen your wands. [potion of mutation]
  2448 | D:2      | Gained mutation: A frigid envelope surrounds you and
                  | freezes all who hurt you. [potion of mutation]
  2448 | D:2      | Gained mutation: You have hidden genetic potential. [potion
                  | of mutation]
  2561 | D:3      | Reached skill level 6 in Axes
  2601 | D:3      | 2601 ||| DROPPING +0 whip.
  2799 | D:3      | Found a snail-covered altar of Cheibriados.
  2865 | D:3      | Identified the +2 ring mail "Qoawaqe" {Rampage}
  2892 | D:3      | Found Nedghumo's Distillery.
  2895 | D:3      | 2895 ||| BUYING 2 potions of curing (78 gold).
  2895 | D:3      | Bought 2 potions of curing for 78 gold pieces
  2895 | D:3      | 2895 ||| BUYING potion of curing (39 gold).
  2895 | D:3      | Bought a potion of curing for 39 gold pieces
  2895 | D:3      | 2895 ||| SHOPLISTING potion of curing (39 gold, have 27).
  2895 | D:3      | 2895 ||| SHOPLISTING potion of haste (130 gold, have 27).
  2895 | D:3      | 2895 ||| SHOPLISTING potion of heal wounds (65 gold, have
                  | 27).
  3215 | D:3      | Noticed Terence
  3217 | D:3      | Killed Terence
  3243 | D:3      | 3243 ||| DROPPING +0 flail.
  3263 | D:3      | 3263 ||| UPGRADING to +2 ring mail "Qoawaqe" {Rampage}.
  3273 | D:3      | 3273 ||| DROPPING +0 ring mail.
  3274 | D:3      | 3274 ||| READING scroll labelled TAOJIZEMOA.
  3275 | D:3      | 3275 ||| READING scroll labelled BUPIERUEPP.
  3276 | D:3      | 3276 ||| READING scroll labelled XOIWITZE RONO.
  3277 | D:3      | 3277 ||| DRINKING 2 glowing puce potions.
  3278 | D:3      | 3278 ||| DROPPING potion of magic.
  3751 | D:4      | Found a staircase to the Ecumenical Temple.
  3752 | D:4      | 3752 ||| PLANNING TEMPLE
  3752 | D:4      | 3752 ||| SWAPPING to +0 war axe.
  3753 | D:4      | 3753 ||| DROPPING +2 hand axe of pain.
  3754 | D:4      | 3754 ||| DRINKING 2 grey potions.
  3755 | D:4      | 3755 ||| DRINKING 2 glowing clear potions.
  3760 | D:4      | 3760 ||| Stepping ~*~*~tactically~*~*~ (stealth).
  3765 | D:4      | 3765 ||| Stepping ~*~*~tactically~*~*~ (stealth).
  3866 | D:4      | 3866 ||| READING 2 scrolls of identify.
  3866 | D:4      | 3866 ||| IDENTIFYING ruby potion
  3867 | D:4      | 3867 ||| DROPPING potion of brilliance.
  3868 | D:4      | 3868 ||| DROPPING potion of berserk rage.
  3877 | Temple   | Entered the Ecumenical Temple
  3914 | Temple   | Became a worshipper of Warmaster Okawaru
  4011 | Temple   | 4011 ||| PLANNING D:1-11
  4066 | D:4      | 4066 ||| Stepping ~*~*~tactically~*~*~ (stealth).
  4067 | D:4      | 4067 ||| Stepping ~*~*~tactically~*~*~ (stealth).
  4233 | D:4      | 4233 ||| DROPPING ring of magical power.
  4247 | D:5      | Entered Level 5 of the Dungeon
  4290 | D:5      | Reached skill level 7 in Axes
  4290 | D:5      | Reached XP level 6. HP: 35/35 MP: 10/10
  4294 | D:5      | Noticed Prince Ribbit
  4301 | D:5      | Killed Prince Ribbit
  4301 | D:5      | Reached * piety under Okawaru
  4302 | D:5      | Reached XP level 7. HP: 19/43 MP: 11/11
  4302 | D:5      | Gained mutation: You are robust. (+10% HP) [hidden
                  | potential]
  4310 | D:5      | 4310 ||| INVOKING Heroism.
  4511 | D:5      | Found a shimmering blue altar of Sif Muna.
  4512 | D:5      | Found an ancient bone altar of Kikubaaqudgha.
  4512 | D:5      | Found a radiant altar of Vehumet.
  4521 | D:5      | Noticed Sigmund
  4522 | D:5      | 4522 ||| Stepping ~*~*~tactically~*~*~ (hiding).
  4526 | D:5      | 4526 ||| INVOKING Heroism.
  4530 | D:5      | Killed Sigmund
  4531 | D:5      | Reached skill level 1 in Invocations
  4566 | D:5      | Found a shadowy altar of Dithmenos.
  4569 | D:5      | 4569 ||| Stepping ~*~*~tactically~*~*~ (stealth).
  4588 | D:5      | 4588 ||| INVOKING Heroism.
  4677 | D:5      | 4677 ||| Stepping ~*~*~tactically~*~*~ (stealth).
  4678 | D:5      | 4678 ||| Stepping ~*~*~tactically~*~*~ (stealth).
  4693 | D:5      | Reached ** piety under Okawaru
  4694 | D:5      | Reached skill level 8 in Axes
  4694 | D:5      | Reached skill level 3 in Invocations
  4694 | D:5      | Reached XP level 8. HP: 46/52 MP: 12/12
  4707 | D:5      | Gained mutation: You are resistant to electric shocks.
                  | (rElec) [hidden potential]
  4707 | D:5      | Lost mutation: You have hidden genetic potential. [hidden
                  | potential expressed]
  4740 | D:5      | Found a hide-covered altar of Uskayaw.
  4820 | D:5      | Noticed Edmund
  4821 | D:5      | 4821 ||| INVOKING Heroism.
  4832 | D:5      | Killed Edmund
  4833 | D:5      | Reached skill level 3 in Dodging
  5017 | D:5      | 5017 ||| Stepping ~*~*~tactically~*~*~ (hiding).
  5027 | D:5      | 5027 ||| Stepping ~*~*~tactically~*~*~ (stealth).
  5037 | D:5      | 5037 ||| INVOKING Heroism.
  5354 | D:5      | 5354 ||| Stepping ~*~*~tactically~*~*~ (hiding).
  5355 | D:5      | 5355 ||| Stepping ~*~*~tactically~*~*~ (hiding).
  5836 | D:5      | 5836 ||| READING scroll labelled CEEN SEYCESEV.
  5837 | D:5      | 5837 ||| READING scroll labelled YMUIMNAMAE.
  5838 | D:5      | 5838 ||| DRINKING 2 fizzy amethyst potions.
  5839 | D:5      | 5839 ||| READING 3 scrolls of identify.
  5839 | D:5      | 5839 ||| IDENTIFYING sedimented puce potion
  5840 | D:5      | 5840 ||| READING 2 scrolls of identify.
  5840 | D:5      | 5840 ||| IDENTIFYING murky pink potion
  5841 | D:5      | 5841 ||| DROPPING potion of attraction.
  5875 | D:6      | 5875 ||| Stepping ~*~*~tactically~*~*~ (hiding).
  5877 | D:6      | 5877 ||| Stepping ~*~*~tactically~*~*~ (hiding).
  5879 | D:6      | 5879 ||| Stepping ~*~*~tactically~*~*~ (hiding).
  5881 | D:6      | 5881 ||| Stepping ~*~*~tactically~*~*~ (hiding).
  5898 | D:6      | 5898 ||| Stepping ~*~*~tactically~*~*~ (stealth).
  5905 | D:6      | 5905 ||| Stepping ~*~*~tactically~*~*~ (stealth).
  5919 | D:6      | 5919 ||| Stepping ~*~*~tactically~*~*~ (stealth).
  5923 | D:6      | 5923 ||| Stepping ~*~*~tactically~*~*~ (stealth).
  5932 | D:6      | 5932 ||| Stepping ~*~*~tactically~*~*~ (stealth).
  5940 | D:6      | Reached skill level 9 in Axes
  6235 | D:6      | Noticed Pikel
  6236 | D:6      | 6236 ||| Stepping ~*~*~tactically~*~*~ (hiding).
  6237 | D:6      | 6237 ||| Stepping ~*~*~tactically~*~*~ (stealth).
  6240 | D:6      | 6240 ||| INVOKING Heroism.
  6250 | D:6      | Killed Pikel
  6251 | D:6      | Reached XP level 9. HP: 44/57 MP: 11/13
  6252 | D:6      | Reached *** piety under Okawaru
  6400 | D:6      | You are sucked into a shaft and drop 3 floors!
  6400 | D:9      | Found a transporter.
  6403 | D:9      | Found a transporter.
  6413 | D:9      | Found a transporter.
  6426 | D:9      | Found a transporter.
  6433 | D:9      | 6433 ||| Stepping ~*~*~tactically~*~*~ (hiding).
  6558 | D:9      | 6558 ||| UPGRADING to +0 chain mail.
  6568 | D:9      | 6568 ||| UPGRADING to +0 pair of gloves.
  6573 | D:9      | 6573 ||| DROPPING +2 ring mail "Qoawaqe" {Rampage}.
  6574 | D:9      | 6574 ||| READING 2 scrolls labelled OSCHEN YRETZ.
  6575 | D:9      | 6575 ||| READING scroll of enchant armour.
  6575 | D:9      | 6575 ||| ENCHANTING +0 pair of gloves.
  6590 | D:8      | Found Doakil's General Store.
  6591 | D:8      | 6591 ||| INVOKING Heroism.
  6592 | D:8      | 6592 ||| DRINKING 5 potions of curing.
  6592 | D:8      | 6592 ||| (to cure confusion)
  6779 | D:6      | Reached skill level 10 in Axes
  6941 | D:6      | Identified the +7 war axe of Income {flame, rN+ Int+2
                  | Dex+3}
  6943 | D:6      | 6943 ||| SWAPPING to +7 war axe of Income {flame, rN+ Int+2
                  | Dex+3}.
  6944 | D:6      | 6944 ||| DROPPING +1 flail of protection.
  6945 | D:6      | 6945 ||| DROPPING +0 war axe.
  7078 | D:7      | 7078 ||| Stepping ~*~*~tactically~*~*~ (stealth).
  7132 | D:7      | 7132 ||| Stepping ~*~*~tactically~*~*~ (stealth).
  7148 | D:7      | 7148 ||| INVOKING Heroism.
  7149 | D:7      | 7149 ||| Stepping ~*~*~tactically~*~*~ (hiding).
  7150 | D:7      | 7150 ||| Stepping ~*~*~tactically~*~*~ (hiding).
  7150 | D:7      | Noticed Menkaure
  7166 | D:7      | Killed Menkaure
  7180 | D:7      | Reached **** piety under Okawaru
  7182 | D:7      | 7182 ||| INVOKING Heroism.
  7185 | D:7      | 7185 ||| Stepping ~*~*~tactically~*~*~ (cloud).
  7188 | D:7      | 7188 ||| Stepping ~*~*~tactically~*~*~ (cloud).
  7628 | D:7      | 7628 ||| READING 3 scrolls of identify.
  7628 | D:7      | 7628 ||| IDENTIFYING white potion
  7629 | D:7      | 7629 ||| READING 2 scrolls of identify.
  7629 | D:7      | 7629 ||| IDENTIFYING dark potion
  7630 | D:7      | 7630 ||| DROPPING potion of degeneration.
  7631 | D:7      | 7631 ||| DROPPING potion of invisibility.
  7651 | D:8      | 7651 ||| BUYING +0 kite shield (54 gold).
  7651 | D:8      | Bought a +0 kite shield for 54 gold pieces
  7651 | D:8      | 7651 ||| SHOPLISTING +0 plate armour (276 gold, have 190).
  7651 | D:8      | 7651 ||| BUYING scroll of identify (24 gold).
  7651 | D:8      | Bought a scroll of identify for 24 gold pieces
  7768 | D:8      | Reached skill level 11 in Axes
  7768 | D:8      | Reached XP level 10. HP: 58/64 MP: 14/14
  7798 | D:8      | Noticed Grum
  7799 | D:8      | 7799 ||| Stepping ~*~*~tactically~*~*~ (hiding).
  7800 | D:8      | 7800 ||| INVOKING Heroism.
  7803 | D:8      | Killed Grum
  7893 | D:8      | 7893 ||| INVOKING Heroism.
  8043 | D:8      | Killed an unseen horror
  8081 | D:8      | 8081 ||| Stepping ~*~*~tactically~*~*~ (hiding).
  8083 | D:8      | 8083 ||| Stepping ~*~*~tactically~*~*~ (hiding).
  8235 | D:8      | Noticed Joseph
  8236 | D:8      | 8236 ||| FLEEEEING.
  8237 | D:8      | 8237 ||| FLEEEEING.
  8238 | D:8      | 8238 ||| FLEEEEING.
  8253 | D:8      | 8253 ||| Stepping ~*~*~tactically~*~*~ (hiding).
  8260 | D:8      | 8260 ||| INVOKING Heroism.
  8262 | D:8      | Killed Joseph
  8263 | D:8      | Reached skill level 3 in Throwing
  8263 | D:8      | Reached skill level 6 in Invocations
  8410 | D:8      | 8410 ||| Stepping ~*~*~tactically~*~*~ (hiding).
  8413 | D:8      | 8413 ||| Stepping ~*~*~tactically~*~*~ (stealth).
  8417 | D:8      | 8417 ||| INVOKING Heroism.
  8422 | D:8      | 8422 ||| Stepping ~*~*~tactically~*~*~ (stealth).
  8540 | D:8      | Noticed Erica
  8541 | D:8      | 8541 ||| INVOKING Heroism.
  8543 | D:8      | Paralysed by Erica for 2 turns
  8553 | D:8      | Killed Erica
  8553 | D:8      | Reached ***** piety under Okawaru
  8917 | D:8      | 8917 ||| UPGRADING to +0 kite shield.
  8922 | D:8      | 8922 ||| UPGRADING to +0 plate armour.
  8932 | D:8      | 8932 ||| DROPPING +0 chain mail.
  8933 | D:8      | 8933 ||| READING 3 scrolls of identify.
  8933 | D:8      | 8933 ||| IDENTIFYING lumpy golden potion
  8974 | D:9      | Noticed Erolcha
  8975 | D:9      | 8975 ||| INVOKING Heroism.
  8976 | D:9      | 8976 ||| INVOKING Finesse.
  8982 | D:9      | Killed Erolcha
  8982 | D:9      | Received a gift from Okawaru
  9070 | D:9      | 9070 ||| Stepping ~*~*~tactically~*~*~ (hiding).
  9093 | D:9      | 9093 ||| Stepping ~*~*~tactically~*~*~ (hiding).
  9099 | D:9      | 9099 ||| INVOKING Heroism.
  9179 | D:9      | Noticed Harold
  9180 | D:9      | 9180 ||| INVOKING Heroism.
  9183 | D:9      | Killed Harold
  9184 | D:9      | Reached skill level 3 in Shields
  9184 | D:9      | Reached XP level 11. HP: 64/69 MP: 14/17
  9685 | D:9      | 9685 ||| INVOKING Heroism.
  9768 | D:9      | Found a transporter.
  9769 | D:9      | Found a transporter.
 10030 | D:9      | 10030 ||| Stepping ~*~*~tactically~*~*~ (stealth).
 10129 | D:9      | 10129 ||| READING scroll labelled ZOGREF DOCS.
 10170 | D:10     | Entered Level 10 of the Dungeon
 10186 | D:10     | 10186 ||| DRINKING 7 potions of curing.
 10186 | D:10     | 10186 ||| (to cure confusion)
 10242 | D:10     | 10242 ||| INVOKING Heroism.
 10469 | D:10     | 10469 ||| INVOKING Heroism.
 10644 | D:10     | 10644 ||| Stepping ~*~*~tactically~*~*~ (stealth).
 10660 | D:10     | 10660 ||| INVOKING Heroism.
 10771 | D:10     | Noticed a two-headed ogre
 10772 | D:10     | 10772 ||| INVOKING Heroism.
 10780 | D:10     | Killed a two-headed ogre
 10802 | D:10     | Reached skill level 6 in Shields
 10996 | D:10     | Found Yteaguf's Jewellery Shoppe.
 10999 | D:10     | 10999 ||| SHOPLISTING +6 ring of dexterity (360 gold, have
                  | 305).
 10999 | D:10     | 10999 ||| BUYING amulet of reflection (300 gold).
 10999 | D:10     | Bought an amulet of reflection for 300 gold pieces
 10999 | D:10     | 10999 ||| SHOPLISTING ring of fire (250 gold, have 5).
 10999 | D:10     | 10999 ||| SHOPLISTING ring of ice (250 gold, have 5).
 10999 | D:10     | 10999 ||| SHOPLISTING ring of protection from cold (250
                  | gold, have 5).
 10999 | D:10     | 10999 ||| SHOPLISTING ring of protection from fire (250
                  | gold, have 5).
 11040 | D:10     | 11040 ||| UPGRADING to amulet of reflection.
 11234 | D:11     | Identified the +2 pair of gloves of Entitlement {Will+
                  | Stlth+} (Okawaru gifted it to you on level 11 of the
                  | Dungeon)
 11234 | D:11     | Received a gift from Okawaru
 11235 | D:11     | Reached skill level 9 in Invocations
 11319 | D:11     | Noticed a boulder beetle
 11320 | D:11     | 11320 ||| INVOKING Heroism.
 11321 | D:11     | 11321 ||| INVOKING Finesse.
 11338 | D:11     | 11338 ||| Stepping ~*~*~tactically~*~*~ (stealth).
 11339 | D:11     | 11339 ||| Stepping ~*~*~tactically~*~*~ (stealth).
 11347 | D:11     | 11347 ||| Stepping ~*~*~tactically~*~*~ (stealth).
 11349 | D:11     | Killed a boulder beetle
 11354 | D:11     | 11354 ||| Stepping ~*~*~tactically~*~*~ (stealth).
 11355 | D:11     | 11355 ||| Stepping ~*~*~tactically~*~*~ (stealth).
 11395 | D:11     | 11395 ||| Stepping ~*~*~tactically~*~*~ (stealth).
 11396 | D:11     | 11396 ||| Stepping ~*~*~tactically~*~*~ (stealth).
 11397 | D:11     | 11397 ||| Stepping ~*~*~tactically~*~*~ (stealth).
 11399 | D:11     | 11399 ||| Stepping ~*~*~tactically~*~*~ (stealth).
 11400 | D:11     | 11400 ||| Stepping ~*~*~tactically~*~*~ (stealth).
 11509 | D:11     | 11509 ||| FLEEEEING.
 11510 | D:11     | 11510 ||| FLEEEEING.
 11514 | D:11     | 11514 ||| FLEEEEING.
 11515 | D:11     | 11515 ||| FLEEEEING.
 11516 | D:11     | 11516 ||| FLEEEEING.
 11517 | D:11     | Reached skill level 12 in Axes
 11517 | D:11     | 11517 ||| FLEEEEING.
 11518 | D:11     | 11518 ||| FLEEEEING.
 11519 | D:11     | 11519 ||| FLEEEEING.
 11520 | D:11     | 11520 ||| FLEEEEING.
 11521 | D:11     | 11521 ||| FLEEEEING.
 11522 | D:11     | 11522 ||| FLEEEEING.
 11523 | D:11     | 11523 ||| FLEEEEING.
 11524 | D:11     | 11524 ||| FLEEEEING.
 11525 | D:11     | 11525 ||| FLEEEEING.
 11536 | D:11     | 11536 ||| FLEEEEING.
 11552 | D:11     | 11552 ||| INVOKING Heroism.
 11559 | D:11     | Reached skill level 6 in Armour
 11710 | D:11     | 11710 ||| Stepping ~*~*~tactically~*~*~ (stealth).
 11782 | D:11     | 11782 ||| INVOKING Heroism.
 11802 | D:11     | Noticed a cyclops
 11803 | D:11     | 11803 ||| Stepping ~*~*~tactically~*~*~ (stealth).
 11806 | D:11     | 11806 ||| Stepping ~*~*~tactically~*~*~ (stealth).
 11864 | D:11     | Noticed an eight-headed hydra
 11865 | D:11     | 11865 ||| INVOKING Heroism.
 11868 | D:11     | 11868 ||| Stepping ~*~*~tactically~*~*~ (stealth).
 11873 | D:11     | Killed a six-headed hydra
 11874 | D:11     | Reached XP level 12. HP: 62/74 MP: 18/20
 11886 | D:11     | 11886 ||| Stepping ~*~*~tactically~*~*~ (stealth).
 11913 | D:11     | 11913 ||| Stepping ~*~*~tactically~*~*~ (stealth).
 11938 | D:11     | Noticed a four-headed hydra
 11939 | D:11     | 11939 ||| INVOKING Heroism.
 11945 | D:11     | Reached skill level 6 in Fighting
 11948 | D:11     | Killed a one-headed hydra
 11956 | D:11     | 11956 ||| Stepping ~*~*~tactically~*~*~ (stealth).
 11975 | D:11     | Found a staircase to the Lair.
 12013 | D:11     | Found a bloodstained altar of Trog.
 12240 | D:11     | 12240 ||| PLANNING LAIR
 12240 | D:11     | 12240 ||| UPGRADING to +2 pair of gloves of Entitlement
                  | {Will+ Stlth+}.
 12250 | D:11     | 12250 ||| DROPPING +1 pair of gloves.
 12276 | Lair:1   | Entered Level 1 of the Lair of Beasts
 12336 | Lair:1   | 12336 ||| READING scroll of enchant armour.
 12336 | Lair:1   | 12336 ||| ENCHANTING +0 plate armour.
 12378 | Lair:1   | Found a blossoming altar of Fedhas.
 12382 | Lair:1   | 12382 ||| INVOKING Heroism.
 12383 | Lair:1   | 12383 ||| INVOKING Finesse.
 12520 | Lair:1   | 12520 ||| Stepping ~*~*~tactically~*~*~ (stealth).
 12522 | Lair:1   | 12522 ||| Stepping ~*~*~tactically~*~*~ (hiding).
 12531 | Lair:1   | 12531 ||| INVOKING Heroism.
 12532 | Lair:1   | 12532 ||| DRINKING potion of cancellation.
 12663 | Lair:1   | 12663 ||| Stepping ~*~*~tactically~*~*~ (stealth).
 12670 | Lair:1   | 12670 ||| INVOKING Heroism.
 12733 | Lair:1   | 12733 ||| Stepping ~*~*~tactically~*~*~ (stealth).
 12735 | Lair:1   | 12735 ||| Stepping ~*~*~tactically~*~*~ (stealth).
 12738 | Lair:1   | Reached skill level 13 in Axes
 12743 | Lair:1   | 12743 ||| Stepping ~*~*~tactically~*~*~ (stealth).
 12755 | Lair:1   | Identified the +7 tower shield of Jidug {Str+4 Int+2}
                  | (Okawaru gifted it to you on level 1 of the Lair of Beasts)
 12755 | Lair:1   | Received a gift from Okawaru
 12771 | Lair:1   | 12771 ||| READING scroll of enchant armour.
 12771 | Lair:1   | 12771 ||| ENCHANTING +1 plate armour.
 12976 | Lair:1   | 12976 ||| INVOKING Heroism.
 12977 | Lair:1   | 12977 ||| Stepping ~*~*~tactically~*~*~ (stealth).
 13181 | Lair:1   | 13181 ||| Stepping ~*~*~tactically~*~*~ (stealth).
 13183 | Lair:1   | 13183 ||| Stepping ~*~*~tactically~*~*~ (stealth).
 13185 | Lair:1   | 13185 ||| INVOKING Heroism.
 13379 | Lair:1   | 13379 ||| UPGRADING to +7 tower shield of Jidug {Str+4
                  | Int+2}.
 13389 | Lair:1   | 13389 ||| DROPPING +0 kite shield.
 13390 | Lair:1   | 13390 ||| UPGRADING to +4 ring of protection.
 13392 | Lair:1   | 13392 ||| DROPPING ring of resist corrosion.
 13393 | Lair:1   | 13393 ||| DRINKING 2 lumpy clear potions.
 13421 | Lair:1   | 13421 ||| READING 5 scrolls of identify.
 13421 | Lair:1   | 13421 ||| IDENTIFYING sapphire potion
 13422 | Lair:1   | 13422 ||| DROPPING potion of lignification.
 13444 | Lair:2   | 13444 ||| INVOKING Heroism.
 13464 | Lair:2   | 13464 ||| Stepping ~*~*~tactically~*~*~ (hiding).
 13554 | Lair:2   | 13554 ||| INVOKING Heroism.
 13575 | Lair:2   | Identified the +7 long sword "Kaohegga" {distort, *Rage
                  | +Blink Str+2}
 13648 | Lair:2   | 13648 ||| Stepping ~*~*~tactically~*~*~ (hiding).
 13666 | Lair:2   | 13666 ||| Stepping ~*~*~tactically~*~*~ (hiding).
 13667 | Lair:2   | 13667 ||| Stepping ~*~*~tactically~*~*~ (hiding).
 13669 | Lair:2   | 13669 ||| Stepping ~*~*~tactically~*~*~ (hiding).
 13671 | Lair:2   | 13671 ||| Stepping ~*~*~tactically~*~*~ (hiding).
 13672 | Lair:2   | 13672 ||| INVOKING Heroism.
 13674 | Lair:2   | 13674 ||| Stepping ~*~*~tactically~*~*~ (hiding).
 13678 | Lair:2   | Reached skill level 9 in Shields
 13684 | Lair:2   | Noticed a seven-headed hydra
 13689 | Lair:2   | Killed a five-headed hydra
 13690 | Lair:2   | Reached XP level 13. HP: 54/81 MP: 21/21
 13692 | Lair:2   | 13692 ||| INVOKING Heroism.
 13830 | Lair:2   | Found a staircase to the Snake Pit.
 13901 | Lair:2   | 13901 ||| INVOKING Heroism.
 13988 | Lair:2   | 13988 ||| INVOKING Heroism.
 14029 | Lair:2   | 14029 ||| Stepping ~*~*~tactically~*~*~ (stealth).
 14311 | Lair:2   | 14311 ||| DROPPING ring of ice.
 14323 | Lair:3   | 14323 ||| Stepping ~*~*~tactically~*~*~ (stealth).
 14405 | Lair:3   | 14405 ||| Stepping ~*~*~tactically~*~*~ (stealth).
 14479 | Lair:3   | 14479 ||| Stepping ~*~*~tactically~*~*~ (hiding).
 14489 | Lair:3   | 14489 ||| INVOKING Heroism.
 14644 | Lair:3   | 14644 ||| INVOKING Heroism.
 14653 | Lair:3   | Identified the -2 hat "Solun" {Dex+3} (Okawaru gifted it to
                  | you on level 3 of the Lair of Beasts)
 14653 | Lair:3   | Received a gift from Okawaru
 14713 | Lair:3   | 14713 ||| Stepping ~*~*~tactically~*~*~ (stealth).
 14714 | Lair:3   | 14714 ||| Stepping ~*~*~tactically~*~*~ (stealth).
 14715 | Lair:3   | 14715 ||| Stepping ~*~*~tactically~*~*~ (stealth).
 14717 | Lair:3   | 14717 ||| INVOKING Heroism.
 14749 | Lair:3   | 14749 ||| Stepping ~*~*~tactically~*~*~ (stealth).
 14754 | Lair:3   | Reached skill level 12 in Shields
 14810 | Lair:3   | Found a staircase to the Swamp.
 14812 | Lair:3   | 14812 ||| INVOKING Heroism.
 15036 | Lair:3   | 15036 ||| Stepping ~*~*~tactically~*~*~ (stealth).
 15165 | Lair:3   | 15165 ||| Stepping ~*~*~tactically~*~*~ (stealth).
 15168 | Lair:3   | 15168 ||| Stepping ~*~*~tactically~*~*~ (stealth).
 15172 | Lair:3   | 15172 ||| Stepping ~*~*~tactically~*~*~ (stealth).
 15173 | Lair:3   | 15173 ||| INVOKING Heroism.
 15341 | Lair:3   | 15341 ||| Stepping ~*~*~tactically~*~*~ (stealth).
 15345 | Lair:3   | 15345 ||| INVOKING Heroism.
 15568 | Lair:3   | 15568 ||| DROPPING -2 hat "Solun" {Dex+3}.
 15569 | Lair:3   | 15569 ||| DROPPING ring of protection from cold.
 15591 | Lair:4   | 15591 ||| INVOKING Heroism.
 15592 | Lair:4   | 15592 ||| INVOKING Finesse.
 15593 | Lair:4   | 15593 ||| STAIRDANCE
 15612 | Lair:3   | Reached skill level 14 in Axes
 15653 | Lair:4   | 15653 ||| STAIRDANCE
 15655 | Lair:3   | 15655 ||| INVOKING Heroism.
 15686 | Lair:4   | 15686 ||| INVOKING Heroism.
 15687 | Lair:4   | 15687 ||| STAIRDANCE
 15689 | Lair:3   | 15689 ||| INVOKING Finesse.
 15751 | Lair:4   | 15751 ||| INVOKING Heroism.
 15811 | Lair:4   | 15811 ||| INVOKING Heroism.
 15873 | Lair:4   | Found a glowing silver altar of Zin.
 15947 | Lair:4   | 15947 ||| Stepping ~*~*~tactically~*~*~ (stealth).
 15949 | Lair:4   | 15949 ||| Stepping ~*~*~tactically~*~*~ (stealth).
 15951 | Lair:4   | 15951 ||| Stepping ~*~*~tactically~*~*~ (stealth).
 15953 | Lair:4   | 15953 ||| Stepping ~*~*~tactically~*~*~ (stealth).
 15955 | Lair:4   | 15955 ||| Stepping ~*~*~tactically~*~*~ (stealth).
 15957 | Lair:4   | 15957 ||| Stepping ~*~*~tactically~*~*~ (stealth).
 15958 | Lair:4   | 15958 ||| Stepping ~*~*~tactically~*~*~ (stealth).
 15959 | Lair:4   | 15959 ||| INVOKING Heroism.
 15968 | Lair:4   | Reached skill level 6 in Dodging
 15971 | Lair:4   | 15971 ||| Stepping ~*~*~tactically~*~*~ (stealth).
 16010 | Lair:4   | 16010 ||| Stepping ~*~*~tactically~*~*~ (stealth).
 16013 | Lair:4   | 16013 ||| INVOKING Heroism.
 16027 | Lair:4   | 16027 ||| Stepping ~*~*~tactically~*~*~ (stealth).
 16028 | Lair:4   | Received a gift from Okawaru
 16047 | Lair:4   | 16047 ||| Stepping ~*~*~tactically~*~*~ (stealth).
 16200 | Lair:4   | 16200 ||| Stepping ~*~*~tactically~*~*~ (stealth).
 16272 | Lair:4   | 16272 ||| DROPPING +6 ring of intelligence.
 16273 | Lair:4   | 16273 ||| UPGRADING to +4 ring of slaying {mikee}.
 16275 | Lair:4   | 16275 ||| DROPPING +6 ring of strength.
 16276 | Lair:4   | 16276 ||| READING scroll labelled NADARE FOAF.
 16305 | Lair:5   | Entered Level 5 of the Lair of Beasts
 16306 | Lair:5   | 16306 ||| INVOKING Heroism.
 16308 | Lair:5   | 16308 ||| Stepping ~*~*~tactically~*~*~ (stealth).
 16309 | Lair:5   | 16309 ||| Stepping ~*~*~tactically~*~*~ (stealth).
 16313 | Lair:5   | Reached XP level 14. HP: 90/90 MP: 20/22
 16316 | Lair:5   | 16316 ||| Stepping ~*~*~tactically~*~*~ (stealth).
 16343 | Lair:5   | 16343 ||| Stepping ~*~*~tactically~*~*~ (stealth).
 16380 | Lair:5   | Reached skill level 15 in Axes
 16487 | Lair:5   | Found a viscous altar of Jiyva.
 16489 | Lair:5   | Found a staircase to the Slime Pits.
 16511 | Lair:5   | 16511 ||| Stepping ~*~*~tactically~*~*~ (stealth).
 16513 | Lair:5   | 16513 ||| INVOKING Heroism.
 16514 | Lair:5   | 16514 ||| Stepping ~*~*~tactically~*~*~ (stealth).
 16529 | Lair:5   | 16529 ||| Stepping ~*~*~tactically~*~*~ (hiding).
 16587 | Lair:5   | 16587 ||| INVOKING Heroism.
 16686 | Lair:5   | 16686 ||| Stepping ~*~*~tactically~*~*~ (hiding).
 16689 | Lair:5   | 16689 ||| INVOKING Heroism.
 16690 | Lair:5   | 16690 ||| INVOKING Finesse.
 16712 | Lair:5   | 16712 ||| FLEEEEING.
 16713 | Lair:5   | 16713 ||| FLEEEEING.
 16714 | Lair:5   | 16714 ||| FLEEEEING.
 16715 | Lair:5   | 16715 ||| FLEEEEING.
 16716 | Lair:5   | 16716 ||| FLEEEEING.
 16717 | Lair:5   | 16717 ||| FLEEEEING.
 16718 | Lair:5   | 16718 ||| FLEEEEING.
 16719 | Lair:5   | 16719 ||| FLEEEEING.
 16720 | Lair:5   | 16720 ||| FLEEEEING.
 16721 | Lair:5   | 16721 ||| FLEEEEING.
 16738 | Lair:5   | 16738 ||| FLEEEEING.
 16739 | Lair:5   | 16739 ||| FLEEEEING.
 16745 | Lair:5   | 16745 ||| STAIRDANCE
 16975 | Lair:5   | 16975 ||| INVOKING Heroism.
 16994 | Lair:5   | 16994 ||| Stepping ~*~*~tactically~*~*~ (stealth).
 16995 | Lair:5   | 16995 ||| Stepping ~*~*~tactically~*~*~ (stealth).
 16996 | Lair:5   | 16996 ||| Stepping ~*~*~tactically~*~*~ (stealth).
 16998 | Lair:5   | 16998 ||| Stepping ~*~*~tactically~*~*~ (stealth).
 16999 | Lair:5   | 16999 ||| Stepping ~*~*~tactically~*~*~ (stealth).
 17060 | Lair:5   | 17060 ||| FLEEEEING.
 17061 | Lair:5   | 17061 ||| FLEEEEING.
 17062 | Lair:5   | 17062 ||| FLEEEEING.
 17063 | Lair:5   | 17063 ||| FLEEEEING.
 17064 | Lair:5   | 17064 ||| FLEEEEING.
 17065 | Lair:5   | 17065 ||| FLEEEEING.
 17066 | Lair:5   | 17066 ||| FLEEEEING.
 17067 | Lair:5   | 17067 ||| FLEEEEING.
 17068 | Lair:5   | 17068 ||| FLEEEEING.
 17117 | Lair:5   | 17117 ||| INVOKING Heroism.
 17118 | Lair:5   | 17118 ||| INVOKING Finesse.
 17130 | Lair:5   | 17130 ||| Stepping ~*~*~tactically~*~*~ (stealth).
 17145 | Lair:5   | 17145 ||| Stepping ~*~*~tactically~*~*~ (stealth).
 17237 | Lair:5   | 17237 ||| Stepping ~*~*~tactically~*~*~ (stealth).
 17238 | Lair:5   | 17238 ||| Stepping ~*~*~tactically~*~*~ (stealth).
 17281 | Lair:5   | 17281 ||| INVOKING Heroism.
 17316 | Lair:5   | 17316 ||| Stepping ~*~*~tactically~*~*~ (stealth).
 17318 | Lair:5   | 17318 ||| Stepping ~*~*~tactically~*~*~ (stealth).
 17332 | Lair:5   | 17332 ||| Stepping ~*~*~tactically~*~*~ (stealth).
 17366 | Lair:5   | Reached skill level 16 in Axes
 17739 | Lair:5   | 17739 ||| PLANNING D
 17869 | D:12     | Found Guagg's Weapon Emporium.
 17975 | D:12     | 17975 ||| INVOKING Heroism.
 17988 | D:12     | 17988 ||| Stepping ~*~*~tactically~*~*~ (stealth).
 18033 | D:12     | Found a frozen archway.
 18035 | D:12     | 18035 ||| Stepping ~*~*~tactically~*~*~ (stealth).
 18038 | D:12     | 18038 ||| Stepping ~*~*~tactically~*~*~ (stealth).
 18040 | D:12     | 18040 ||| INVOKING Heroism.
 18046 | D:12     | Reached skill level 9 in Armour
 18097 | D:12     | 18097 ||| READING scroll of enchant armour.
 18097 | D:12     | 18097 ||| ENCHANTING +2 plate armour.
 18226 | D:12     | 18226 ||| Stepping randomly (disturbance).
 18227 | D:12     | 18227 ||| Stepping randomly (disturbance).
 18300 | D:12     | 18300 ||| READING scroll of enchant armour.
 18300 | D:12     | 18300 ||| ENCHANTING +3 plate armour.
 18309 | D:12     | 18309 ||| DROPPING +1 war axe of electrocution.
 18351 | D:12     | Found a staircase to the Orcish Mines.
 18368 | D:12     | 18368 ||| Stepping ~*~*~tactically~*~*~ (stealth).
 18467 | D:12     | Received a gift from Okawaru
 18469 | D:12     | 18469 ||| INVOKING Heroism.
 18470 | D:12     | 18470 ||| INVOKING Finesse.
 18480 | D:12     | Noticed a sphinx
 18481 | D:12     | 18481 ||| Stepping ~*~*~tactically~*~*~ (hiding).
 18486 | D:12     | Killed a sphinx
 18486 | D:12     | Received a gift from Okawaru
 18490 | D:12     | Received a gift from Okawaru
 18524 | D:12     | 18524 ||| INVOKING Finesse.
 18525 | D:12     | 18525 ||| INVOKING Heroism.
 18527 | D:12     | Reached XP level 15. HP: 97/97 MP: 15/23
 18621 | D:12     | Noticed Azrael
 18622 | D:12     | 18622 ||| Stepping ~*~*~tactically~*~*~ (hiding).
 18627 | D:12     | 18627 ||| INVOKING Heroism.
 18628 | D:12     | 18628 ||| INVOKING Finesse.
 18636 | D:12     | Killed Azrael
 18638 | D:12     | Reached skill level 9 in Fighting
 18830 | D:12     | 18830 ||| Stepping ~*~*~tactically~*~*~ (stealth).
 18841 | D:12     | 18841 ||| Stepping ~*~*~tactically~*~*~ (hiding).
 19103 | D:12     | 19103 ||| DRINKING 2 lumpy emerald potions.
 19104 | D:12     | 19104 ||| DROPPING potion of flight.
 19126 | D:13     | Noticed Rupert
 19126 | D:13     | Noticed Urug
 19126 | D:13     | Found a gate to the Vaults.
 19127 | D:13     | 19127 ||| INVOKING Heroism.
 19128 | D:13     | 19128 ||| STAIRDANCE
 19140 | D:13     | 19140 ||| STAIRDANCE
 19158 | D:13     | 19158 ||| STAIRDANCE
 19160 | D:12     | 19160 ||| INVOKING Finesse.
 19169 | D:12     | Killed Rupert
 19169 | D:12     | Received a gift from Okawaru
 19197 | D:13     | 19197 ||| STAIRDANCE
 19199 | D:12     | 19199 ||| INVOKING Heroism.
 19201 | D:12     | Killed Urug
 19237 | D:13     | 19237 ||| INVOKING Heroism.
 19381 | D:13     | 19381 ||| Stepping ~*~*~tactically~*~*~ (stealth).
 19382 | D:13     | 19382 ||| INVOKING Heroism.
 19506 | D:13     | 19506 ||| Stepping ~*~*~tactically~*~*~ (stealth).
 19611 | D:13     | 19611 ||| Stepping ~*~*~tactically~*~*~ (hiding).
 19675 | D:13     | Found a large runed translucent door.
 19675 | D:13     | Found a large runed translucent door.
 19771 | D:13     | Reached skill level 6 in Throwing
 20351 | D:13     | 20351 ||| READING scroll labelled EZEBBI ZYOSU.
 20352 | D:13     | 20352 ||| READING 7 scrolls of identify.
 20352 | D:13     | 20352 ||| IDENTIFYING golden potion
 20353 | D:13     | 20353 ||| DROPPING potion of ambrosia.
 20372 | D:14     | 20372 ||| INVOKING Heroism.
 20374 | D:14     | 20374 ||| STAIRDANCE
 20417 | D:14     | 20417 ||| STAIRDANCE
 20522 | D:14     | 20522 ||| Stepping ~*~*~tactically~*~*~ (hiding).
 20526 | D:14     | Noticed Lodul
 20526 | D:14     | Noticed Kirke
 20527 | D:14     | 20527 ||| INVOKING Heroism.
 20528 | D:14     | 20528 ||| INVOKING Finesse.
 20537 | D:14     | Killed Lodul
 20542 | D:14     | Killed Kirke
 20547 | D:14     | Noticed Snorg
 20556 | D:14     | Killed Snorg
 20608 | D:14     | 20608 ||| DRINKING potion of experience.
 20608 | D:14     | Reached skill level 15 in Shields
 20608 | D:14     | Reached XP level 16. HP: 105/105 MP: 24/24
 20705 | D:14     | 20705 ||| Stepping ~*~*~tactically~*~*~ (hiding).
 20706 | D:14     | 20706 ||| Stepping ~*~*~tactically~*~*~ (hiding).
 20711 | D:14     | Received a gift from Okawaru
 20944 | D:14     | 20944 ||| DROPPING scarf of harm.
 20945 | D:14     | 20945 ||| READING scroll labelled YQOLANWOREPH.
 21064 | D:15     | Entered Level 15 of the Dungeon
 21155 | D:15     | Noticed Josephine
 21163 | D:15     | Killed Josephine
 21167 | D:15     | 21167 ||| Stepping ~*~*~tactically~*~*~ (stealth).
 21221 | D:15     | 21221 ||| INVOKING Heroism.
 21223 | D:15     | 21223 ||| Stepping ~*~*~tactically~*~*~ (stealth).
 21256 | D:15     | Found a staircase to the Depths.
 21386 | D:15     | 21386 ||| DRINKING 13 potions of curing.
 21386 | D:15     | 21386 ||| (to cure confusion)
 21387 | D:15     | 21387 ||| INVOKING Heroism.
 21388 | D:15     | 21388 ||| INVOKING Finesse.
 21398 | D:15     | 21398 ||| DRINKING 12 potions of curing.
 21398 | D:15     | 21398 ||| (to cure confusion)
 21409 | D:15     | 21409 ||| DRINKING 11 potions of curing.
 21409 | D:15     | 21409 ||| (to cure confusion)
 21410 | D:15     | 21410 ||| INVOKING Heroism.
 21413 | D:15     | 21413 ||| Stepping ~*~*~tactically~*~*~ (hiding).
 21422 | D:15     | 21422 ||| DRINKING 10 potions of curing.
 21422 | D:15     | 21422 ||| (to cure confusion)
 21433 | D:15     | 21433 ||| Stepping ~*~*~tactically~*~*~ (hiding).
 21458 | D:15     | 21458 ||| Stepping ~*~*~tactically~*~*~ (stealth).
 21462 | D:15     | 21462 ||| Stepping ~*~*~tactically~*~*~ (stealth).
 21476 | D:15     | 21476 ||| Stepping ~*~*~tactically~*~*~ (stealth).
 21482 | D:15     | 21482 ||| Stepping ~*~*~tactically~*~*~ (stealth).
 21484 | D:15     | 21484 ||| Stepping ~*~*~tactically~*~*~ (stealth).
 21596 | D:15     | 21596 ||| INVOKING Heroism.
 21597 | D:15     | 21597 ||| INVOKING Finesse.
 21649 | D:15     | Received a gift from Okawaru
 21695 | D:15     | 21695 ||| FLEEEEING.
 21696 | D:15     | 21696 ||| FLEEEEING.
 21697 | D:15     | 21697 ||| FLEEEEING.
 21698 | D:15     | 21698 ||| FLEEEEING.
 21699 | D:15     | 21699 ||| FLEEEEING.
 21860 | D:15     | 21860 ||| INVOKING Heroism.
 21861 | D:15     | 21861 ||| INVOKING Finesse.
 21919 | D:15     | 21919 ||| INVOKING Heroism.
 21933 | D:15     | 21933 ||| DRINKING 9 potions of curing.
 21933 | D:15     | 21933 ||| (to cure confusion)
 21962 | D:15     | 21962 ||| DRINKING 8 potions of curing.
 21962 | D:15     | 21962 ||| (to cure confusion)
 21966 | D:15     | 21966 ||| DRINKING 7 potions of curing.
 21966 | D:15     | 21966 ||| (to cure confusion)
 21981 | D:15     | 21981 ||| INVOKING Heroism.
 22019 | D:15     | 22019 ||| DRINKING 6 potions of curing.
 22019 | D:15     | 22019 ||| (to cure confusion)
 22029 | D:15     | 22029 ||| FLEEEEING.
 22030 | D:15     | 22030 ||| FLEEEEING.
 22031 | D:15     | 22031 ||| FLEEEEING.
 22032 | D:15     | 22032 ||| FLEEEEING.
 22033 | D:15     | 22033 ||| FLEEEEING.
 22034 | D:15     | 22034 ||| FLEEEEING.
 22035 | D:15     | 22035 ||| FLEEEEING.
 22036 | D:15     | 22036 ||| FLEEEEING.
 22037 | D:15     | 22037 ||| STAIRDANCE
 22219 | D:15     | 22219 ||| INVOKING Heroism.
 22220 | D:15     | 22220 ||| INVOKING Finesse.
 22279 | D:15     | 22279 ||| INVOKING Finesse.
 22292 | D:15     | 22292 ||| INVOKING Heroism.
 22301 | D:15     | 22301 ||| DRINKING 5 potions of curing.
 22301 | D:15     | 22301 ||| (to cure confusion)
 22386 | D:15     | 22386 ||| FLEEEEING.
 22387 | D:15     | 22387 ||| FLEEEEING.
 22388 | D:15     | 22388 ||| FLEEEEING.
 22389 | D:15     | 22389 ||| FLEEEEING.
 22390 | D:15     | 22390 ||| INVOKING Heroism.
 22393 | D:15     | 22393 ||| FLEEEEING.
 22394 | D:15     | 22394 ||| FLEEEEING.
 22395 | D:15     | 22395 ||| FLEEEEING.
 22396 | D:15     | 22396 ||| FLEEEEING.
 22397 | D:15     | 22397 ||| FLEEEEING.
 22398 | D:15     | 22398 ||| FLEEEEING.
 22399 | D:15     | 22399 ||| FLEEEEING.
 22400 | D:15     | 22400 ||| FLEEEEING.
 22401 | D:15     | 22401 ||| STAIRDANCE
 22605 | D:15     | 22605 ||| INVOKING Heroism.
 22608 | D:15     | 22608 ||| DRINKING 4 potions of curing.
 22608 | D:15     | 22608 ||| (to cure confusion)
 22632 | D:15     | Lost intelligence.
 22648 | D:15     | 22648 ||| DRINKING 3 potions of curing.
 22648 | D:15     | 22648 ||| (to cure confusion)
 22650 | D:15     | 22650 ||| DRINKING 2 potions of curing.
 22650 | D:15     | 22650 ||| (to cure confusion)
 22651 | D:15     | 22651 ||| FLEEEEING.
 22653 | D:15     | 22653 ||| INVOKING Heroism.
 22654 | D:15     | 22654 ||| DRINKING potion of curing.
 22654 | D:15     | 22654 ||| (to cure confusion)
 22682 | D:15     | 22682 ||| FLEEEEING.
 22683 | D:15     | 22683 ||| FLEEEEING.
 22684 | D:15     | 22684 ||| FLEEEEING.
 22685 | D:15     | 22685 ||| FLEEEEING.
 22686 | D:15     | 22686 ||| FLEEEEING.
 22687 | D:15     | 22687 ||| FLEEEEING.
 22689 | D:15     | 22689 ||| STAIRDANCE
 22843 | D:15     | 22843 ||| INVOKING Heroism.
 22870 | D:15     | HP: 19/106 [boulder beetle[an orange crystal statue] (8)]
 22871 | D:15     | 22871 ||| DRINKING 5 potions of heal wounds.
 22874 | D:15     | 22874 ||| DRINKING 4 potions of heal wounds.
 22879 | D:15     | HP: 19/106 [two-headed ogre/+0 giant spiked club[an orange
                  | crystal statue] (26)]
 22880 | D:15     | 22880 ||| DRINKING 3 potions of heal wounds.
 22891 | D:15     | HP: 24/106 [two-headed ogre/+0 giant club[an orange crystal
                  | statue] (15)]
 22892 | D:15     | 22892 ||| FLEEEEING.
 22893 | D:15     | 22893 ||| DRINKING 2 potions of heal wounds.
 22896 | D:15     | 22896 ||| INVOKING Heroism.
 22896 | D:15     | HP: 23/106 [ogre/+0 giant club[an orange crystal statue]
                  | (5)]
 22897 | D:15     | 22897 ||| DRINKING potion of heal wounds.
 22898 | D:15     | 22898 ||| FLEEEEING.
 22899 | D:15     | 22899 ||| FLEEEEING.
 22908 | D:15     | HP: 23/106 [manticore[an orange crystal statue] (8)]
 22920 | D:15     | HP: 24/106 [skeletal warrior/+0 flail[an orange crystal
                  | statue] (3)]
 22923 | D:15     | HP: 6/106 [skeletal warrior/+0 flail[an orange crystal
                  | statue] (9)]
 22924 | D:15     | Slain by a skeletal warrior

Levels and vault maps discovered:
D:1:      dpeg_arrival_castle, layout_loops_ring,
          shapermc_ecumenical_altar_notcrosses, minmay_tetromino_s4
D:2:      layout_basic, minmay_divided_ellipse
D:3:      layout_basic, chei_slow_surprise, serial_shops, shop_statue,
          hex_intersection, uniq_terence
D:4:      layout_rooms, minmay_temple_entry_trees, columned_hall_lemuel,
          nicolae_kite_square_tiling_tiny, kennysheep_generic_room_12
D:5:      layout_basic, grunt_temple_overflow_magic_moments, old_standard_altar,
          lemuel_round_altar, uniq_edmund, uniq_sigmund, uniq_prince_ribbit1
D:6:      layout_basic, uniq_pikel
D:7:      layout_cave_pools, kennysheep_crisscross, abandoned_shop,
          uniq_menkaure
D:8:      layout_loops_corners, serial_shops, nicolae_stop_n_shop_2,
          kennysheep_generic_room_9, uniq_grum, uniq_erica, uniq_joseph
D:9:      layout_basic, nrook_pool_corridor, serial_nicolae_subway,
          nicolae_sub_station_stone, nicolae_sub_station_metal,
          nicolae_sub_station_crystal, uniq_harold, uniq_erolcha
D:10:     layout_irregular_city, serial_shops, kennysheep_mini_moat,
          minmay_between
D:11:     layout_basic, due_lair_maze_entry_diamond, trog_hazing_becter
D:12:     minmay_containers, layout_basic, orc_0_dummy,
          portal_ice_cave_entry_pillars_1, serial_curves, eino_curves_03,
          eino_curves_04, serial_shops, nicolae_stop_n_shop_1, st_stairs_2,
          uniq_azrael
D:13:     okawaru_arena_lexackson, layout_basic, david_vaults_3
D:14:     layout_rooms, serial_park_avenue1, uniq_lodul, uniq_kirke, uniq_snorg
D:15:     gammafunk_depths_entry_grave, layout_stronghold, serial_bayou,
          serial_bayou_shore_a, serial_bayou_pond_d, serial_bayou_lagoon_a,
          serial_bayou_shore_b, serial_bayou_lake_a, serial_shops, shop_statue,
          minmay_protected_statue, uniq_josephine
Temple:   nicolae_temple_bog_church
Lair:1:   layout_chaotic_city, hangedman_tree_tricks, grunt_megastairs_4
Lair:2:   layout_misc_corridors, minmay_snake_entry_guardpost_small,
          serial_bayou_lagoon_b
Lair:3:   beast_lair_carwin_large_3, layout_loops_ring, minmay_swamp_entry_worms
Lair:4:   layout_hall_layers, basic_altar, grunt_forest_large_clearings,
          grunt_megastairs_1, infiniplex_staircase_pool
Lair:5:   gammafunk_lair_ancient_temple, layout_regular_city, slime_entry_1,
          serial_bayou_pond_b, grunt_forest_small_clearings, grunt_megastairs_2,
          lemuel_fruit_tree

Skill      XL: |  1  2  3  4  5  6  7  8  9 10 11 12 13 14 15 16 |
---------------+-------------------------------------------------+-----
Axes           | 4 5 7 8 9 11 12 13 14 16 | 16.0
Fighting       | 4 5 6 7 8 9 10 | 10.0
Invocations    | 3 4 7 9 10 | 10.0
Dodging        | 3 4 5 6 7 8 |  8.2
Armour         | 5 6 7 9 10 | 10.1
Throwing       | 3 4 6 |  6.0
Shields        | 3 7 9 12 13 15 | 15.2
Spellcasting   | |  2.0
Translocations | |  2.4

Action                   |  1- 3 |  4- 6 |  7- 9 | 10-12 | 13-15 | 16-18 || total
-------------------------+-------+-------+-------+-------+-------+-------++-------
Melee: Hand axe          |    70 |    98 |       |       |       |       ||   168
       Peck              |     3 |    22 |    32 |    55 |   119 |   136 ||   367
       Kick              |    15 |    20 |    47 |   102 |   207 |   218 ||   609
       War axe           |       |    11 |   156 |   284 |   534 |   546 ||  1531
       Punch             |       |       |     3 |     1 |       |       ||     4
Throw: Boomerang         |     7 |       |       |    34 |    66 |     3 ||   110
       Javelin           |       |       |       |    58 |    52 |    12 ||   122
Invok: Heroism           |       |       |     9 |    26 |    34 |    14 ||    83
       Finesse           |       |       |       |     3 |     9 |     5 ||    17
  Use: Scroll            |     4 |     5 |     8 |     5 |     5 |     1 ||    28
       Potion            |       |     4 |     2 |     3 |     2 |    18 ||    29
Armor: Leather armour    |     8 |       |       |       |       |       ||     8
       Ring mail         |     6 |    32 |    20 |       |       |       ||    58
       Chain mail        |       |       |    16 |    15 |       |       ||    31
       Plate armour      |       |       |       |    55 |    83 |   161 ||   299
Dodge: Dodged            |    32 |    54 |    86 |    55 |    79 |   151 ||   457
Block: Kite shield       |       |       |       |    97 |       |       ||    97
       Reflection        |       |       |       |     4 |    23 |    61 ||    88
       Tower shield      |       |       |       |    55 |   597 |   705 ||  1357

Table legend:
 A = Non-vault XP
 B = Vault XP
 C = Vault XP percentage of total XP
 D = Non-vault monster count
 E = Vault monster count
 F = Vault count percentage of total count
                 A         B        C        D         E       F
            +---------+---------+-------+---------+---------+-------
      Total |   70353 |   51804 |  42.4 |     370 |     185 |  33.3
            +---------+---------+-------+---------+---------+-------
        D:1 |      42 |       3 |   6.7 |      20 |       2 |   9.1
        D:2 |      89 |      48 |  35.0 |      24 |      13 |  35.1
        D:3 |      59 |      36 |  37.9 |      18 |       1 |   5.3
        D:4 |      38 |       0 |   0.0 |      12 |       0 |   0.0
        D:5 |     767 |     659 |  46.2 |      17 |       3 |  15.0
        D:6 |     552 |     663 |  54.6 |      23 |       1 |   4.2
        D:7 |     853 |     169 |  16.5 |      14 |       1 |   6.7
        D:8 |    1608 |    1907 |  54.3 |      21 |       7 |  25.0
        D:9 |    1059 |    1717 |  61.9 |      15 |       2 |  11.8
       D:10 |    3256 |     360 |  10.0 |      24 |       3 |  11.1
       D:11 |    4868 |    2077 |  29.9 |      21 |      16 |  43.2
       D:12 |    5645 |   13447 |  70.4 |      11 |      33 |  75.0
       D:13 |    7010 |    1735 |  19.8 |      18 |       2 |  10.0
       D:14 |    3230 |    4369 |  57.5 |       5 |      12 |  70.6
       D:15 |    4962 |    5135 |  50.9 |       9 |      11 |  55.0
     Lair:1 |    4077 |    2843 |  41.1 |      17 |       8 |  32.0
     Lair:2 |    6824 |     476 |   6.5 |      23 |       3 |  11.5
     Lair:3 |    9028 |    2999 |  24.9 |      30 |      16 |  34.8
     Lair:4 |    1957 |    5108 |  72.3 |       6 |      30 |  83.3
     Lair:5 |   14429 |    8053 |  35.8 |      42 |      21 |  33.3
            +---------+---------+-------+---------+---------+-------
